 Dungeon Crawl Stone Soup version 0.30-a0-830-gfe289a77b0 (webtiles) character file.

Game seed: 8193346868481278277

16 Sabo the Basher (level 2, -1/20 HPs)
             Began as a Gnoll Wanderer on Feb 28, 2023.
             Was a Follower of the Shining One.
             Succumbed to Sigmund's poison
             ... on level 2 of the Dungeon.
             The game lasted 00:05:53 (924 turns).

Sabo the Basher (Gnoll Wanderer)                     Turns: 924, Time: 00:05:53

Health: -1/20      AC:  6    Str: 11    XL:     2   Next: 54%
Magic:  2/2        EV:  8    Int: 11    God:    the Shining One [*.....]
Gold:   96         SH:  0    Dex: 11    Spells: 2/2 levels left

rFire   . . .      SeeInvis .    a - +2 mace
rCold   . . .      Faith    .    (no shield)
rNeg    . . .      Spirit   .    j - +0 scale mail
rPois   .          Reflect  .    (no helmet)
rElec   .          Harm     .    (no cloak)
rCorr   .          Rampage  .    (no gloves)
Will    .....                    (no boots) Stlth
                                 (no amulet)
HPRegen 0.23/turn                (no ring)
MPRegen 0.08/turn                (no ring)

@: lethally poisoned (-1 -> -15), glowing
A: fangs 1, strong nose, distributed training
a: Renounce Religion, Divine Shield


You were on level 2 of the Dungeon.
You worshipped the Shining One.
The Shining One was aware of your devotion.
You visited 1 branch of the dungeon, and saw 2 of its levels.

You collected 96 gold pieces.

Inventory:

Hand Weapons
 a - a +2 mace (weapon)
 b - a +0 short sword
 d - a +0 dagger
Missiles
 c - 14 poisoned darts (quivered)
 l - 6 curare-tipped darts
Armour
 h - a +0 leather armour
 j - a +0 scale mail (worn)
Scrolls
 e - a scroll of fog
 i - a scroll of magic mapping
 n - a scroll of poison {unknown}
 o - a scroll of teleportation {unknown}
Potions
 f - a potion of curing
 g - a potion of flight {unknown}
 m - a potion of ambrosia {unknown}


   Skills:
 + Level 0.5 Fighting
 + Level 4.5 Short Blades
 + Level 0.5 Long Blades
 + Level 0.5 Axes
 + Level 10.4 Maces & Flails
 + Level 0.5 Polearms
 + Level 0.5 Staves
 + Level 0.5 Ranged Weapons
 + Level 4.5 Throwing
 + Level 2.5 Armour
 + Level 0.5 Dodging
 + Level 0.5 Stealth
 + Level 0.5 Shields
 + Level 0.5 Unarmed Combat
 + Level 0.5 Spellcasting
 + Level 0.3 Conjurations
 + Level 0.3 Hexes
 + Level 0.3 Summonings
 + Level 0.3 Necromancy
 + Level 0.3 Translocations
 + Level 0.3 Transmutations
 + Level 0.3 Fire Magic
 + Level 0.3 Ice Magic
 + Level 0.3 Air Magic
 + Level 0.3 Earth Magic
 + Level 0.3 Poison Magic
 + Level 0.6 Invocations
 + Level 0.5 Evocations


You had 2 spell levels left.
You didn't know any spells.
Your spell library was empty.

Dungeon Overview and Level Annotations

Branches:
Dungeon (2/15)

Altars:
The Shining One

Annotations:
D:2 Sigmund


Innate Abilities, Weirdness & Mutations

You have very sharp teeth.
Your uncanny sense of smell can sniff out nearby items.
Your experience applies equally to all skills.


Message History

Throw: 18 darts (poison)
Press: ? - help, Q - select action, (/) - cycle Shift-Dir - straight line, f/p - Sigmund
Aim: Sigmund, wielding a +4 scythe of venom and wearing a +0 robe (53% to hit)
You throw a poisoned dart.
The poisoned dart barely misses Sigmund.
You see here a hobgoblin corpse.
Throw: 17 darts (poison)
Press: ? - help, Q - select action, (/) - cycle Shift-Dir - straight line, f/p - Sigmund
Aim: Sigmund, wielding a +4 scythe of venom and wearing a +0 robe (53% to hit)
You throw a poisoned dart. The poisoned dart hits Sigmund!
Sigmund is poisoned.
Throw: 16 darts (poison)
Press: ? - help, Q - select action, (/) - cycle Shift-Dir - straight line, f/p - Sigmund
Aim: Sigmund, wielding a +4 scythe of venom and wearing a +0 robe (lightly wounded, very poisoned, 53% to hit)
You throw a poisoned dart. The poisoned dart hits Sigmund.
Sigmund looks even sicker.
Sigmund is lightly wounded.
Sigmund drinks a potion.
Sigmund is healed!
Sigmund looks more healthy.
Throw: 15 darts (poison)
Press: ? - help, Q - select action, (/) - cycle Shift-Dir - straight line, f/p - Sigmund
Aim: Sigmund, wielding a +4 scythe of venom and wearing a +0 robe (53% to hit)
You throw a poisoned dart. The poisoned dart hits Sigmund!
Sigmund is poisoned.
Sigmund hits you but does no damage.
You are poisoned.
You feel sick.
You see here a hobgoblin corpse.
You hit Sigmund but do no damage.
Sigmund is lightly wounded.
You feel sick.
Sigmund hits you with a +4 scythe of venom!
You are lethally poisoned!
You sock Sigmund!
Sigmund is moderately wounded.
* * * LOW HITPOINT WARNING * * *
You feel very sick. Sigmund casts a spell at you. The puff of flame hits you.
* * * LOW HITPOINT WARNING * * *
You hit Sigmund.
Sigmund is heavily wounded.
You die...

#######.########.#
#.###....#.#
#..#.....#.#
##.#.....#..
#.#.....###
#.#..#.#.#
#..#.....#
##..###..##
##..@@(.(#
######.#.... # . ∆


You could see Sigmund (very poisoned).

Vanquished Creatures
  An endoplasm (D:1)
  A giant cockroach (D:1)
  3 goblins (D:1)
  3 hobgoblins
  A quokka (D:1)
  A ball python (D:2)
  A bat (D:1)
  2 kobolds (D:1)
13 creatures vanquished.

Notes
Turn   | Place    | Note
-------+----------+-------------------------------------------
     0 | D:1      | Reached skill level 10 in Maces & Flails
     0 | D:1      | Sabo the Gnoll Wanderer began the quest for the Orb.
     0 | D:1      | Sabo set off with the following items: a +2 mace, a +0
                  | short sword, 14 poisoned darts, a +0 dagger, a scroll of
                  | fog, a +0 robe.
     0 | D:1      | Reached XP level 1. HP: 13/13 MP: 1/1
   144 | D:1      | Reached XP level 2. HP: 15/19 MP: 2/2
   509 | D:1      | Found a faded altar of an unknown god.
   515 | D:1      | Prayed at the altar of an unknown god.
   515 | D:1      | Became a worshipper of the Shining One
   515 | D:1      | Reached * piety under the Shining One
   912 | D:2      | Noticed Sigmund
   923 | D:2      | HP: 1/20 [Sigmund/puff of flame (5)]
   924 | D:2      | Succumbed to Sigmund's poison

Illustrated notes

Levels and vault maps discovered:
D:1:      shiori_shiawase, layout_rooms, ebering_ecumenical_altar_box
D:2:      layout_loops_ring, serial_co_window_serial,
          co_window_of_opportunity_a, co_window_of_opportunity_a,
          co_window_paths_b, co_window_corner_a, co_window_paths_b,
          co_window_broadway_a, co_window_corner_cb, co_window_corner_ca,
          glass_columns_a, glass_columns_a, glass_columns_a, glass_columns_b,
          uniq_natasha, uniq_terence, uniq_robin, uniq_sigmund

Skill      XL: | |
---------------+-+-----
Maces & Flails | | 10.4
Fighting       | |  0.5
Short Blades   | |  4.5
Long Blades    | |  0.5
Axes           | |  0.5
Polearms       | |  0.5
Staves         | |  0.5
Ranged Weapons | |  0.5
Throwing       | |  4.5
Armour         | |  2.5
Dodging        | |  0.5
Stealth        | |  0.5
Shields        | |  0.5
Unarmed Combat | |  0.5
Spellcasting   | |  0.5
Conjurations   | |  0.3
Hexes          | |  0.3
Summonings     | |  0.3
Necromancy     | |  0.3
Translocations | |  0.3
Transmutations | |  0.3
Fire Magic     | |  0.3
Ice Magic      | |  0.3
Air Magic      | |  0.3
Earth Magic    | |  0.3
Poison Magic   | |  0.3
Invocations    | |  0.6
Evocations     | |  0.5

Action                     || total
---------------------------++-------
  Melee: Mace              ||    37
         Bite              ||     2
         Punch             ||     1
  Throw: Dart              ||    21
    Use: Scroll            ||     2
 Armour: Leather armour    ||     7
         Scale mail        ||     5
  Dodge: Dodged            ||    12

Table legend: (Time is in decaauts)
 A = Elapsed time spent in this place.
 B = Non-inter-level travel time spent in this place.
 C = Inter-level travel time spent in this place.
 D = Time resting spent in this place.
 E = Time spent auto-exploring this place.
 F = Levels seen in this place.
 G = Mean time per level.
                   A        B        C        D        E       F      G
               +--------+--------+--------+--------+--------+-----+--------+
         Total |    914 |    914 |      0 |     12 |      0 |   2 |  457.0 |
       Dungeon |    914 |    914 |      0 |     12 |      0 |   2 |  457.0 |
               +--------+--------+--------+--------+--------+-----+--------+

Top non-repeatable levels by time:
     D:1: 770 daAuts
     D:2: 143 daAuts
